 Dungeon Crawl Stone Soup version 0.32-a0-876-gcfddb08e57 (webtiles) character file.

Game seed: 13341108687836069113

135 smashvw the Trooper (level 4, -1/41 HPs)
             Began as a Minotaur Fighter on Mar 31, 2024.
             Was an Initiate of Hepliaklqana.
             Killed by nerve-wracking pain
             ... invoked by a shadow imp
             ... summoned by Eustachio
              (7 damage)
             ... on level 4 of the Dungeon.
             The game lasted 00:05:12 (2091 turns).

smashvw the Trooper (Minotaur Fighter)              Turns: 2091, Time: 00:05:13

Health: -1/41      AC:  7    Str: 22    XL:     4   Next: 96%
Magic:  3/3        EV:  8    Int:  5    God:    Hepliaklqana [......]
Gold:   147        SH:  5    Dex: 16    Spells: 3/3 levels left

rFire   . . .        a - +0 trident
rCold   . . .        c - +0 buckler
rNeg    . . .        b - +0 scale mail
rPois   .            (helmet restricted)
rElec   .            (no cloak)
rCorr   .            (no gloves)
SInv    .            (no boots)
Will    .....        (no amulet) Stlth
                     s - +6 ring of dexterity
HPRegen 0.26/turn    (no ring)
MPRegen 0.08/turn

%: no passive effects
@: no status effects
A: horns 2, retaliatory headbutt
a: Renounce Religion


You were on level 4 of the Dungeon.
You worshipped Hepliaklqana.
Hepliaklqana was noncommittal.
You visited 1 branch of the dungeon, and saw 4 of its levels.

You collected 147 gold pieces.

Inventory:

Hand Weapons
 a - a +0 trident (weapon)
Missiles
 g - 7 poisoned darts (quivered)
 k - 2 atropa-tipped darts
Armour
 b - a +0 scale mail (worn)
 c - a +0 buckler (worn)
 m - a +0 kite shield
Jewellery
 n - a ring of see invisible
 s - a +6 ring of dexterity (left hand)
Scrolls
 e - 2 scrolls of blinking {unknown}
 j - 2 scrolls of noise {unknown}
 o - 2 scrolls of vulnerability
 r - a scroll of torment
 u - 2 scrolls of teleportation
 v - a scroll of fog
Potions
 d - a potion of might
 h - a potion of lignification {unknown}
 i - 4 potions of curing {unknown}
 l - 2 potions of attraction {unknown}
 p - a potion of cancellation {unknown}
 q - a potion of haste {unknown}
 t - a potion of brilliance {unknown}


   Skills:
 + Level 4.7 Fighting
 + Level 3.7 Polearms
 + Level 4.6 Armour
 + Level 4.6 Shields


You had 3 spell levels left.
You didn't know any spells.
Your spell library contained the following spells:

 Spells                   Type           Power      Damage    Failure   Level
 Magic Dart               Conj           0%         1d3       85%         1
 Blink                    Tloc           0%         N/A       94%         2
 Call Imp                 Summ           0%         N/A       94%         2


Dungeon Overview and Level Annotations

Branches:
Dungeon (4/15)
 Temple: D:4-7

Altars:
Cheibriados
Hepliaklqana
Vehumet

Annotations:
D:4 Eustachio


Innate Abilities, Weirdness & Mutations

You have a pair of horns on your head.
You reflexively headbutt those who attack you in melee.


Message History

The river rat barely misses you.
Eustachio gestures wildly while chanting.
Eustachio blinks!
The shadow imp gestures at you. Pain shoots through your body!
You block the river rat's attack.
You are too injured to fight recklessly!
You closely miss the shadow imp.
You headbutt the shadow imp, but do no damage.
You block the shadow imp's attack. The river rat bites you.
Found 4 gold pieces.
Eustachio gestures wildly while chanting.
Eustachio blinks!
The shadow imp barely misses you. The bat completely misses you.
You block the river rat's attack.
You hit the shadow imp.
The shadow imp is lightly wounded.
The bat barely misses you.
Eustachio mumbles some strange words.
The shadow imp gestures at you. Pain shoots through your body!
* * * LOW HITPOINT WARNING * * *
The river rat bites you but does no damage.
You hit the shadow imp.
The shadow imp is moderately wounded.
The bat hits you but does no damage.
The shadow imp hits you but does no damage.
The river rat barely misses you.
Eustachio casts a spell.
Eustachio blinks!
You hit the shadow imp.
The shadow imp is severely wounded.
The bat hits you but does no damage. The shadow imp gestures at you.
Pain shoots through your body!
* * * LOW HITPOINT WARNING * * *
The river rat bites you but does no damage.
Eustachio casts a spell.
Eustachio blinks!
The shadow imp gestures at you. Pain shoots through your body!
You die...
Hepliaklqana delivers you to your ancestors.

### #<# #.###
#...# ####.#
#....####
#.###.@.# #
#r5b.....$
.r..b......
...##........
..ยง..
.........
....
#........
....
#!....... ...
#........


You could see a river rat (summoned), a shadow imp (summoned), a quokka
(summoned) and 2 bats.

Vanquished Creatures
  A bombardier beetle (D:3)
  An iguana (D:3)
  2 adders
  A dart slug (D:2)
  An orc (D:3)
  8 ball pythons
  7 endoplasms
  A giant cockroach (D:1)
  2 hobgoblins
  5 quokkas
  4 frilled lizards
  7 goblins
  4 kobolds
  10 rats
54 creatures vanquished.

Notes
Turn   | Place    | Note
-------+----------+-------------------------------------------
     0 | D:1      | smashvw the Minotaur Fighter began the quest for the Orb.
     0 | D:1      | Reached XP level 1. HP: 19/19 MP: 0/0
   315 | D:1      | Reached XP level 2. HP: 27/27 MP: 1/1
   646 | D:2      | Found a faded altar of an unknown god.
   712 | D:2      | Reached XP level 3. HP: 26/33 MP: 2/2
  1543 | D:3      | Found a snail-covered altar of Cheibriados.
  1552 | D:3      | Reached XP level 4. HP: 41/41 MP: 3/3
  1764 | D:3      | Found a radiant altar of Vehumet.
  1875 | D:3      | Found a hazy altar of Hepliaklqana.
  1887 | D:3      | Became a worshipper of Hepliaklqana the Forgotten
  1920 | D:4      | Noticed Eustachio
  2091 | D:4      | Killed from afar by a shadow imp

Illustrated notes

Levels and vault maps discovered:
D:1:      dpeg_arrival_tiny_a, layout_loops_cross
D:2:      wad_crossroads, layout_loops_ring, ebering_ecumenical_altar_abandoned
D:3:      layout_rooms, slow_altar_1, mainiacjoe_overflow_alcove_2,
          marbit_many_paths
D:4:      layout_basic, minmay_temple_entry_junction, uniq_eustachio,
          uniq_natasha, uniq_edmund

Skill      XL: |  1  2 |
---------------+-------+-----
Fighting       | 4 |  4.7
Polearms       | 3 |  3.7
Armour         | 4 |  4.6
Shields        | 4 |  4.6

Action                     |  1- 3 |  4- 6 || total
---------------------------+-------+-------++-------
  Melee: Trident           |   119 |    49 ||   168
         Headbutt          |     9 |    12 ||    21
    Use: Scroll            |       |     4 ||     4
 Armour: Scale mail        |    74 |    40 ||   114
  Dodge: Dodged            |    27 |    24 ||    51
  Block: Buckler           |    21 |    12 ||    33

Table legend: (Time is in decaauts)
 A = Elapsed time spent in this place.
 B = Non-inter-level travel time spent in this place.
 C = Inter-level travel time spent in this place.
 D = Time resting spent in this place.
 E = Time spent auto-exploring this place.
 F = Levels seen in this place.
 G = Mean time per level.
                   A        B        C        D        E       F      G
               +--------+--------+--------+--------+--------+-----+--------+
         Total |   2119 |   2018 |    101 |    117 |   1503 |   4 |  529.8 |
       Dungeon |   2119 |   2018 |    101 |    117 |   1503 |   4 |  529.8 |
               +--------+--------+--------+--------+--------+-----+--------+

Top non-repeatable levels by time:
     D:2: 767 daAuts
     D:1: 651 daAuts
     D:3: 639 daAuts
     D:4: 60 daAuts
